 Dungeon Crawl Stone Soup version 0.21.0 (webtiles) character file.

42 Plasmagod the Grave Robber (level 3, -1/25 HPs)
             Began as a Demonspawn Necromancer on Jan 7, 2018.
             Slain by an adder (3 damage)
             ... on level 2 of the Dungeon.
             The game lasted 00:04:13 (1461 turns).

Plasmagod the Grave Robber (Demonspawn Necromancer) Turns: 1461, Time: 00:04:14

Health: -1/25      AC:  3    Str:  9    XL:     3   Next: 35%
Magic:  3/6        EV: 12    Int: 16    God:
Gold:   39         SH:  0    Dex: 13    Spells: 5/6 levels left

rFire    + . .     SeeInvis .   d - +0 short sword
rCold    . . .     Gourm    .   (no shield)
rNeg     . . .     Faith    .   j - +0 leather armour
rPois    .         Spirit   .   (no helmet)
rElec    .         Reflect  .   (no cloak)
rCorr    .         Harm     .   (no gloves)
MR       .....                  (no boots)
Stlth    +.........             (no amulet)
HPRegen  0.08/turn              k - ring of loudness (curse)
MPRegen  0.10/turn              (no ring)

@: lethally poisoned (-1 -> -13)
A: fire resistance 1
a: no special abilities


You were on level 2 of the Dungeon.
You were not hungry.

You visited 1 branch of the dungeon, and saw 2 of its levels.

You collected 39 gold pieces.

Inventory:

Hand Weapons
 d - a +0 short sword (weapon)
Armour
 j - a +0 leather armour (worn)
Jewellery
 k - a cursed ring of loudness (left hand)
Scrolls
 f - a scroll of identify {unknown}
 h - a scroll of blinking {unknown}
Potions
 a - a potion of agility {unknown}
 e - a potion of haste {unknown}
 g - 2 potions of invisibility {unknown}
Books
 b - a book of Necromancy

   Spells                             Type                      Level
   a - Pain                           Necromancy                   1
   b - Animate Skeleton               Necromancy                   1
   c - Vampiric Draining              Necromancy                   3
   d - Regeneration                   Charms/Necromancy            3
   e - Animate Dead                   Necromancy                   4
   f - Borgnjor's Vile Clutch         Necromancy/Earth             5
Comestibles
 c - 3 rations
 i - 4 chunks of flesh


   Skills:
 + Level 0.5 Fighting
 + Level 0.2 Short Blades
 + Level 2.1 Dodging
 + Level 1.8 Stealth
 + Level 2.3 Spellcasting
 + Level 5.1 Necromancy


You had 5 spell levels left.
You knew the following spells:

 Your Spells              Type           Power        Failure   Level  Hunger
a - Pain                  Necr           ###.         3%          1    #......


Dungeon Overview and Level Annotations

Branches:
Dungeon (2/15)

Altars:


Innate Abilities, Weirdness & Mutations

Your flesh is heat resistant. (rF+)


Message History

The hound is almost dead.
The hound bites you. The adder bites you.
You are poisoned.
The adder poisons you!
You hit the hound but do no damage.
The hound is almost dead.
You feel sick. The hound bites you. The adder bites you.
You are lethally poisoned!
The adder poisons you! The hound bites you.
Casting: Pain
Confirm with . or Enter, or press ? or * to list all spells.
Aiming: Pain
Press: ? - help, Shift-Dir - straight line, f - adder, p - hound
Aim: an adder (chance to defeat MR: 84%)
The adder writhes in agony!
* * * LOW HITPOINT WARNING * * *
You feel sick. The adder barely misses you. The hound bites you.
* * * LOW HITPOINT WARNING * * *
The adder bites you.
You die...

##.##. .... ....?
... # #...##.####
#. #..........
.##.####.........
.........<.......
................(
......S..........
......h@...#..#..
#......#######...
#.....# #. #%....
###.# ... ###


You could see a hound and an adder.

Vanquished Creatures
  2 dart slugs (D:1)
  A leopard gecko (D:1)
  5 bats (D:1)
  2 giant cockroaches (D:1)
  3 goblins (D:1)
  6 hobgoblins (D:1)
  3 jackals (D:1)
  6 kobolds (D:1)
  2 frilled lizards (D:1)
  3 rats (D:1)
33 creatures vanquished.

Notes
Turn   | Place    | Note
-------+----------+-------------------------------------------
     0 | D:1      | Plasmagod the Demonspawn Necromancer began the quest for the Orb.
     0 | D:1      | Reached XP level 1. HP: 13/13 MP: 3/3
   214 | D:1      | Gained mutation: Your flesh is heat resistant. (rF+) [demonic ancestry]
   214 | D:1      | Reached XP level 2. HP: 7/20 MP: 0/5
   694 | D:1      | Reached skill level 5 in Necromancy
   712 | D:1      | HP: 1/20 [dart slug (1)]
  1033 | D:1      | Reached XP level 3. HP: 17/25 MP: 2/6
  1461 | D:2      | Slain by an adder

Skill      XL: |  1  2 |
---------------+-------+-----
Dodging        | 2 |  2.1
Necromancy     | 5 |  5.1
Fighting       | |  0.5
Short Blades   | |  0.2
Stealth        | |  1.8
Spellcasting   | |  2.3

Action                   || total
-------------------------++-------
Melee: Short sword       ||    47
 Cast: Pain              ||    41
 Stab: Sleeping          ||     2
  Eat: Ration            ||     1
Armor: Robe              ||    11
       Leather armour    ||     2
Dodge: Dodged            ||    34
